 Dungeon Crawl Stone Soup version 0.31.0-11-ge490571c62 (webtiles) character file.

Game seed: 10589535120050340660

143149 olmar the Bludgeoner (level 16, -16/141 HPs)
             Began as a Demonspawn Gladiator on Feb 4, 2024.
             Was the Champion of Makhleb.
             Demolished by a +3 dire flail of holy wrath (23 damage)
             ... on level 2 of the Elven Halls.
             The game lasted 00:54:59 (27647 turns).

olmar the Bludgeoner (Demonspawn Gladiator)        Turns: 27647, Time: 00:54:59

Health: -16/141    AC: 23    Str: 19    XL:     16   Next: 82%
Magic:  0/24       EV: 18    Int:  8    God:    Makhleb [******]
Gold:   865        SH:  0    Dex: 14    Spells: 13/15 levels left

rFire   + . .        I - +2 great mace (heavy)
rCold   . . .        (shield currently unavailable)
rNeg    . . .        A - +2 ring mail of Cutoem {Int-5 Slay+5}
rPois   .            c - +0 helmet
rElec   .            i - +0 cloak {Will+}
rCorr   .            R - +2 pair of gloves {Stlth+}
SInv    +            p - +2 pair of boots
Will    ++...        K - amulet of the acrobat
Stlth   ++           S - +5 ring of evasion
HPRegen 0.43/turn    Z - ring of see invisible
MPRegen 0.38/turn

%: acrobat, guardian spirit
@: studying Armour
A: molten scales 3, ignite blood 1, magic shield, magic regeneration, weakness
stinger 2, mutation resistance 1
a: Renounce Religion, Minor Destruction, Lesser Servant of Makhleb, Major
Destruction, Greater Servant of Makhleb


You were on level 2 of the Elven Halls.
You worshipped Makhleb.
Makhleb was exalted by your worship.
You visited 4 branches of the dungeon, and saw 24 of its levels.
You also visited: Sewer, Volcano and Wizlab.

You collected 2590 gold pieces.
You spent 1725 gold pieces at shops.

Inventory:

Hand Weapons
 d - the +8 whip "Snakebite" {venom, curare, rPois}
   (You found it on level 3 of the Lair of Beasts)

   rPois:     It protects you from poison
 I - a +2 heavy great mace (weapon)
Missiles
 e - 7 javelins
 u - 34 poisoned darts
 Q - a throwing net
Armour
 c - a +0 helmet (worn)
 g - the +1 plate armour "Xinosmorgh" {Harm rF+}
   (You bought it in a shop on level 1 of the Orcish Mines)

   rF+:       It protects you from fire.
   Harm:      It increases damage dealt and taken.
 i - a +0 cloak of willpower (worn)
 p - a +2 pair of boots (worn)
 A - the +2 ring mail of Cutoem (worn) {Int-5 Slay+5}
   (You found it on level 4 of the Dungeon)

   Int-5:     It affects your intelligence (-5).
   Slay+5:    It affects your accuracy & damage with ranged weapons and melee
   (+5).
 P - the +3 chain mail of Misanthropy {rF+ Str+3 Dex+3}
   (You found it on level 13 of the Dungeon)

   Str+3:     It affects your strength (+3).
   Dex+3:     It affects your dexterity (+3).
   rF+:       It protects you from fire.
 R - a +2 pair of gloves of stealth (worn)
Jewellery
 b - a ring of positive energy
 B - a ring of ice
 K - an amulet of the acrobat (around neck)
 L - a ring of protection from fire
 S - a +5 ring of evasion (left hand)
 Z - a ring of see invisible (right hand)
Talismans
 k - a maw talisman
Wands
 j - a wand of paralysis (7)
 x - a wand of roots (6)
 D - a wand of light (4)
 M - a wand of polymorph (12)
 U - a wand of mindburst (13)
 W - a wand of digging (6)
 X - a wand of flame (13) (quivered)
Scrolls
 a - 2 scrolls of amnesia
 h - 4 scrolls of torment
 m - 3 scrolls of poison
 n - 3 scrolls of blinking
 r - 4 scrolls of noise
 s - a scroll of teleportation
 w - a scroll of immolation
 y - 3 scrolls of enchant weapon
 C - 5 scrolls of enchant armour
 O - a scroll of fear {unknown}
 T - a scroll of fog {unknown}
 V - 3 scrolls of vulnerability
Potions
 f - a potion of resistance
 l - a potion of magic
 o - 4 potions of attraction
 q - 6 potions of mutation
 t - 4 potions of invisibility
 v - 4 potions of haste
 z - 4 potions of cancellation
 E - 3 potions of lignification
 F - 4 potions of brilliance
 H - a potion of might
 J - a potion of heal wounds
 N - a potion of curing


   Skills:
 + Level 17.2 Fighting
 + Level 19.1 Maces & Flails
 - Level 3.1 Throwing
 + Level 11.8 Armour
 - Level 4.6 Dodging
 + Level 11.3 Invocations


You had 13 spell levels left.
You knew the following spells:

 Your Spells              Type           Power      Damage    Failure   Level
a - Blink                 Tloc           0%         N/A       69%         2

Your spell library contained the following spells:

 Spells                   Type           Power      Damage    Failure   Level
 Apportation              Tloc           0%         N/A       54%         1
 Sting                    Conj/Alch      0%         1d3       54%         1
 Jinxbite                 Hex            0%         N/A       69%         2
 Lesser Beckoning         Tloc           0%         N/A       69%         2
 Mercury Vapours          Alch/Air       0%         N/A       69%         2
 Momentum Strike          Conj/Tloc      0%         3d8       69%         2
 Dazzling Flash           Conj/Hex       0%         N/A       89%         3
 Gell's Gravitas          Tloc           0%         N/A       89%         3
 Teleport Other           Tloc           0%         N/A       89%         3
 Tukima's Dance           Hex            0%         N/A       89%         3
 Volatile Blastmotes      Fire/Tloc      0%         2d10      89%         3
 Animate Armour           Summ/Erth      0%         N/A       100%        4
 Animate Dead             Necr           0%         N/A       100%        4
 Dimensional Bullseye     Hex/Tloc       0%         N/A       100%        4
 Iskenderun's Mystic Bla  Conj/Tloc      0%         2d3       100%        4
 Olgreb's Toxic Radiance  Alch           0%         N/A       100%        4
 Passage of Golubria      Tloc           0%         N/A       100%        4
 Summon Blazeheart Golem  Fire/Summ      0%         N/A       100%        4
 Summon Lightning Spire   Summ/Air       0%         N/A       100%        4
 Alistair's Intoxication  Alch           0%         N/A       100%        5
 Borgnjor's Vile Clutch   Necr/Erth      0%         N/A       100%        5
 Lee's Rapid Deconstruct  Erth           0%         3d4*      100%        5
 Silence                  Hex/Air        0%         N/A       100%        5
 Summon Forest            Summ/Tloc      0%         N/A       100%        5
 Death Channel            Necr           0%         N/A       100%        6
 Starburst                Conj/Fire      0%         6d3       100%        6
 Orb of Destruction       Conj           0%         9d5       100%        7
 Spellforged Servitor     Conj/Summ      0%         N/A       100%        7
 Lehudib's Crystal Spear  Conj/Erth      0%         10d2      100%        8
 Maxwell's Capacitive Co  Air            0%         ∞         100%        8


Dungeon Overview and Level Annotations

Branches:
Dungeon (15/15)            Temple (0/1) D:5            Lair (5/5) D:8
  Swamp (0/4) Lair:2        Snake (0/4) Lair:2        Slime (0/5) Lair:5
    Orc (2/2) D:9             Elf (2/3) Orc:2        Depths (0/4) D:15
  Sewer (visited)         Volcano (visited)          WizLab (visited)
 Vaults: D:13-14

Altars:
Ashenzari
Cheibriados
Dithmenos
Fedhas
Hepliaklqana
Kikubaaqudgha
Makhleb
Okawaru
Ru
Sif Muna
Trog
Vehumet
Xom
Yredelemnul
Jiyva

Shops:
D:7 *   D:8 ?   D:10 (   D:11 :   D:12 *   D:13 :   Orc:1 [   Orc:2 =(*[

Annotations:
D:6 1 runed translucent door
D:12 3 runed translucent doors, Curhucvol's ghost, journeyman OpSh; Marethyu's ghost, journeyman TrMo; Zirot's ghost, journeyman GrFi


Innate Abilities, Weirdness & Mutations

You are completely covered in molten scales. (AC +4, rF+)
Your demonic aura sometimes causes spilled blood to erupt in flames.
When hurt, damage is shared between your health and your magic reserves.
You regenerate magic rapidly.
You have a tail ending in a sharp stinger.
You are somewhat resistant to further mutation.


Message History

The bolt of fire hits the +3 dire flail of holy wrath.
The +3 dire flail of holy wrath resists.
Your fire elemental hits the +3 dire flail of holy wrath.
Your fire elemental burns the +3 dire flail of holy wrath!
The +3 dire flail of holy wrath completely resists.
The +3 dire flail of holy wrath hits your deep elf pyromancer!!
Your deep elf pyromancer gestures at the +3 dire flail of holy wrath while chanting.
The bolt of fire hits the +3 dire flail of holy wrath.
The +3 dire flail of holy wrath resists.
Your fire elemental hits the +3 dire flail of holy wrath.
Your fire elemental burns the +3 dire flail of holy wrath!
The +3 dire flail of holy wrath completely resists.
The +3 dire flail of holy wrath hits your deep elf pyromancer!
Your deep elf pyromancer dies!
Your deep elf pyromancer's corpse dissolves into shadows!
Your fire elemental hits the +3 dire flail of holy wrath.
Your fire elemental burns the +3 dire flail of holy wrath!
The +3 dire flail of holy wrath completely resists.
Unknown command.
You swap places.
The +3 dire flail of holy wrath hits your fire elemental!!
Your fire elemental barely misses the +3 dire flail of holy wrath.
Your fire elemental closely misses the +3 dire flail of holy wrath.
Unknown command.
Unknown command.
The +3 dire flail of holy wrath hits your fire elemental!!
Your fire elemental is destroyed!
Your fire elemental dissolves into shadows!
Your fire elemental hits the +3 dire flail of holy wrath.
Your fire elemental burns the +3 dire flail of holy wrath!
The +3 dire flail of holy wrath completely resists.
Unknown command.
You miss the +3 dire flail of holy wrath.
The +3 dire flail of holy wrath is heavily damaged.
The +3 dire flail of holy wrath hits you.
* * * LOW HITPOINT WARNING * * *
You convulse!
* * * LOW HITPOINT WARNING * * *
The +3 dire flail of holy wrath hits you!!
You die...

### #@#
#(#
#E#######
#○..(....
#..#####e
#.#..
#.##.#
#.# .#
### .


You could see a +3 dire flail of holy wrath (ally target) and a friendly fire
elemental (summoned).

Vanquished Creatures
  Rupert (Lair:4)
  An ancient champion (WizLab)
  Kirke (D:15)
  3 revenants (WizLab)
  A deep elf sorcerer (Elf:1)
  2 spectral caustic shrikes (WizLab)
  A stone giant (D:15)
  A spectral titan (WizLab)
  3 eidola (WizLab)
  3 jiangshi (WizLab)
  A quicksilver dragon zombie (WizLab)
  An entropy weaver (shapeshifter) (D:13)
  Josephine (D:15)
  A rakshasa (D:15)
  9 hydras
  A catoblepas (Lair:5)
  3 ogre magi
  7 centaur warriors
  9 death yaks
  A boulder beetle (D:15)
  15 two-headed ogres
  2 tengu warriors (D:13)
  A titan zombie (WizLab)
  5 dancing weapons (Elf:1)
  5 deep elf knights (Elf:1)
  A sun demon (Volcano)
  A skyshark (Lair:5)
  A fire crab (Orc:2)
  4 skeletal warriors
  An obsidian statue (Volcano)
  A flayed ghost (WizLab)
  A swamp dragon (Lair:2)
  2 deep trolls (Orc:2)
  3 deep elf archers
  A glowing orange brain (D:13)
  An arcanist (D:13)
  4 phantasmal warriors (WizLab)
  Pikel (D:7)
  2 orc knights (D:15)
  A necromancer (WizLab)
  An orc sorcerer (Volcano)
  9 deep elf zephyrmancers (Elf:1)
  21 deep elf pyromancers
  3 manticores (D:13)
  An oklob plant (Lair:5)
  A salamander (shapeshifter) (D:13)
  4 ugly things
  4 cyclopes
  A salamander (Lair:2)
  7 elephants
  The ghost of CougarLife the Cleaver, a novice MiBe of Trog (D:6)
  7 black mambas
  A kobold blastminer (Orc:2)
  Joseph (D:7)
  3 gargoyles
  An unseen horror (shapeshifter) (D:13)
  16 cane toads
  A rime drake (shapeshifter) (Elf:1)
  5 rime drakes
  An efreet (D:13)
  Maggie (D:7)
  5 yaktaurs (D:15)
  A red devil (Volcano)
  6 komodo dragons
  A spectral harpy (WizLab)
  11 trolls
  3 polar bears
  5 hornets
  Grinder (D:4)
  2 spriggan zombies (WizLab)
  8 blink frogs
  8 dream sheep
  2 air elementals (Elf:1)
  18 slime creatures
  A centaur simulacrum (D:14)
  13 spriggans (Lair:5)
  3 wyverns
  11 wraiths
  70 yaks
  2 shadows (D:11)
  A vampire (D:13)
  5 basilisks
  A fire elemental (Elf:1)
  4 fire bats (Volcano)
  A human (D:15)
  3 steam dragons
  6 wargs
  A hog (D:15)
  8 vampire mosquitoes
  3 acid dragons
  A hell hound (Volcano)
  19 water moccasins
  5 ice beasts
  2 sky beasts (D:6)
  6 laughing skulls (WizLab)
  6 black bears
  18 ogres
  11 orc warriors
  A crocodile (shapeshifter) (D:15)
  12 centaurs
  38 wolves
  4 boggarts (Lair:5)
  6 kobold brigands
  A brain worm (shapeshifter) (D:13)
  8 bullfrogs
  2 gnoll sergeants
  4 scorpions
  17 wights
  6 killer bees (D:10)
  10 howler monkeys
  An electric eel (Lair:3)
  6 lava snakes
  A bombardier beetle (D:4)
  7 jellies
  9 orc priests
  4 hounds
  Crazy Yiuf (D:7)
  4 sleepcaps
  6 iguanas
  7 orc wizards
  11 gnolls
  9 adders
  A river rat (D:4)
  A shadow imp (D:5)
  2 white imps
  13 ufetubi
  A ribbon worm (D:4)
  3 dart slugs
  51 orcs
  8 ball pythons
  9 bats
  10 endoplasms
  4 giant cockroaches
  13 goblins
  7 hobgoblins
  2 jackals (D:1)
  29 kobolds
  3 quokkas
  7 frilled lizards
  7 rats
  A spectral kobold (D:13)
813 creatures vanquished.

Vanquished Creatures (collateral kills)
  2 two-headed ogres (Orc:2)
  A polar bear (D:8)
  An orc warrior (Orc:2)
  A laughing skull (WizLab)
  3 ogres (Orc:2)
  A gnoll sergeant (D:7)
  An orc priest (Orc:1)
  An orc wizard (Orc:1)
  2 gnolls (D:7)
  7 orcs
  A kobold (D:7)
21 creatures vanquished.

Vanquished Creatures (others)
  A human (D:15)
  A fire elemental (Elf:1)
2 creatures vanquished.

Grand Total: 836 creatures vanquished

Notes
Turn   | Place    | Note
-------+----------+-------------------------------------------
     0 | D:1      | olmar the Demonspawn Gladiator began the quest for the Orb.
     0 | D:1      | Reached XP level 1. HP: 16/16 MP: 1/1
   181 | D:1      | Reached skill level 3 in Maces & Flails
   361 | D:1      | Gained mutation: You regenerate magic rapidly. [demonic
                  | ancestry]
   361 | D:1      | Reached XP level 2. HP: 22/22 MP: 2/2
   822 | D:1      | Gained mutation: You are partially covered in molten
                  | scales. (AC +2) [demonic ancestry]
   822 | D:1      | Reached XP level 3. HP: 25/27 MP: 3/3
  1449 | D:2      | Reached skill level 1 in Armour
  1651 | D:2      | Identified the +0 ring mail of the Nexus {Rampage MP+9}
  1907 | D:2      | Gained mutation: When hurt, damage is shared between your
                  | health and your magic reserves. [demonic ancestry]
  1907 | D:2      | Reached XP level 4. HP: 21/33 MP: 4/4
  2059 | D:2      | Found a faded altar of an unknown god.
  2059 | D:2      | Noticed a red devil
  2281 | D:3      | Found a burning altar of Makhleb.
  2393 | D:3      | Became a worshipper of Makhleb the Destroyer
  2439 | D:3      | Reached skill level 4 in Maces & Flails
  2450 | D:3      | Noticed an ogre
  2459 | D:3      | Killed an ogre
  2460 | D:3      | Gained mutation: Your demonic aura sometimes causes spilled
                  | blood to erupt in flames. [demonic ancestry]
  2460 | D:3      | Reached XP level 5. HP: 31/39 MP: 3/5
  3000 | D:4      | Noticed Grinder
  3126 | D:4      | Reached skill level 5 in Maces & Flails
  3126 | D:4      | Reached XP level 6. HP: 42/46 MP: 4/6
  3252 | D:4      | Found a glowing drain.
  3256 | Sewer    | Entered a sewer
  3525 | Sewer    | Reached * piety under Makhleb
  3767 | D:4      | Identified the +2 ring mail of Cutoem {Int-5 Slay+5}
  3781 | D:4      | Gained mutation: You are mostly covered in molten scales.
                  | (AC +3) [demonic ancestry]
  3781 | D:4      | Reached XP level 7. HP: 34/52 MP: 4/7
  3898 | D:4      | Killed Grinder
  3899 | D:4      | Reached skill level 6 in Maces & Flails
  4093 | D:5      | Entered Level 5 of the Dungeon
  4152 | D:5      | Found a staircase to the Ecumenical Temple.
  4493 | D:5      | Reached ** piety under Makhleb
  4524 | D:5      | Found an iron altar of Okawaru.
  4668 | D:5      | Found a snail-covered altar of Cheibriados.
  4738 | D:6      | Found a runed translucent door.
  4799 | D:6      | Reached skill level 7 in Maces & Flails
  4799 | D:6      | Reached XP level 8. HP: 60/60 MP: 8/8
  4848 | D:6      | Reached skill level 1 in Invocations
  5206 | D:6      | Reached skill level 8 in Maces & Flails
  5273 | D:6      | Gained mutation: You have a small tail. [demonic ancestry]
  5273 | D:6      | Reached XP level 9. HP: 66/66 MP: 12/12
  5561 | D:6      | Reached *** piety under Makhleb
  5778 | D:6      | Noticed CougarLife's ghost (novice MiBe)
  5808 | D:6      | Reached skill level 5 in Invocations
  5914 | D:6      | Found a runed translucent door.
  5952 | D:6      | Killed CougarLife's ghost
  5953 | D:6      | Reached skill level 5 in Fighting
  6120 | D:7      | Found an ancient bone altar of Kikubaaqudgha.
  6151 | D:7      | Reached skill level 9 in Maces & Flails
  6248 | D:7      | Found a runed translucent door.
  6249 | D:7      | Noticed Crazy Yiuf
  6295 | D:7      | Noticed Maggie
  6304 | D:7      | Killed Maggie
  6319 | D:7      | Found Raloz's General Store.
  6323 | D:7      | Reached skill level 5 in Armour
  6357 | D:7      | Bought a scroll of teleportation for 36 gold pieces
  6357 | D:7      | Bought a potion of might for 48 gold pieces
  6357 | D:7      | Bought a potion of attraction for 36 gold pieces
  6357 | D:7      | Bought a scroll of teleportation for 36 gold pieces
  6357 | D:7      | Bought a scroll of blinking for 90 gold pieces
  6357 | D:7      | Bought a wand of roots (4) for 115 gold pieces
  6360 | D:7      | Noticed Joseph
  6370 | D:7      | Killed Joseph
  6371 | D:7      | Gained mutation: You have a tail ending in a sharp stinger.
                  | [demonic ancestry]
  6371 | D:7      | Reached XP level 10. HP: 70/75 MP: 12/15
  6446 | D:7      | Found a shimmering blue altar of Sif Muna.
  6481 | D:7      | Noticed Pikel
  6488 | D:7      | Killed Pikel
  6494 | D:7      | Found a shadowy altar of Dithmenos.
  6543 | D:7      | Found a blossoming altar of Fedhas.
  6605 | D:7      | Found a radiant altar of Vehumet.
  6741 | D:7      | Killed Crazy Yiuf
  6942 | D:8      | Reached skill level 10 in Maces & Flails
  6986 | D:8      | Found a sacrificial altar of Ru.
  7118 | D:8      | Found Riusmiofi's Magic Scroll Shoppe.
  7124 | D:8      | Bought a scroll of revelation for 82 gold pieces
  7124 | D:8      | Bought a scroll of identify for 22 gold pieces
  7124 | D:8      | Bought a scroll of identify for 22 gold pieces
  7132 | D:8      | Reached **** piety under Makhleb
  7242 | D:8      | Found a staircase to the Lair.
  7924 | D:9      | Found a bloodstained altar of Trog.
  8213 | D:9      | Found a shimmering altar of Xom.
  8251 | D:9      | Found a staircase to the Orcish Mines.
  8261 | D:9      | Reached skill level 11 in Maces & Flails
  8272 | D:9      | Reached XP level 11. HP: 80/84 MP: 16/16
  8340 | D:9      | Noticed a deep elf pyromancer
  8351 | D:9      | Killed a deep elf pyromancer
  8532 | D:10     | Entered Level 10 of the Dungeon
  8589 | D:10     | Found a broken altar of Ashenzari.
  8786 | D:10     | Found Sosesivo's Antique Weapon Shoppe.
  8995 | D:10     | Noticed a three-headed hydra
  9001 | D:10     | Killed a three-headed hydra
  9006 | D:10     | Reached ***** piety under Makhleb
  9081 | D:10     | Found a basalt altar of Yredelemnul.
  9615 | Orc:1    | Entered Level 1 of the Orcish Mines
  9615 | Orc:1    | Noticed a two-headed ogre
  9620 | Orc:1    | Killed a two-headed ogre
  9621 | Orc:1    | Reached skill level 12 in Maces & Flails
  9749 | Orc:1    | You fall into a shaft and drop 1 floor!
  9749 | Orc:2    | Entered Level 2 of the Orcish Mines
  9749 | Orc:2    | Noticed a two-headed ogre
  9749 | Orc:2    | Noticed an ogre mage
  9749 | Orc:2    | Noticed a two-headed ogre
  9749 | Orc:2    | Noticed a two-headed ogre
  9749 | Orc:2    | Noticed a two-headed ogre
  9749 | Orc:2    | Noticed a deep troll
  9749 | Orc:2    | Noticed a two-headed ogre
  9749 | Orc:2    | Noticed a two-headed ogre
  9749 | Orc:2    | Noticed a deep troll
  9749 | Orc:2    | Noticed an ogre mage
  9749 | Orc:2    | Found Luzaw's Weapon Emporium.
  9749 | Orc:2    | Found Igaph's Antique Armour Shop.
  9754 | Orc:2    | Noticed a two-headed ogre
  9754 | Orc:2    | Noticed a two-headed ogre
  9986 | Orc:2    | Killed a two-headed ogre
 10027 | Orc:2    | Killed a two-headed ogre
 10146 | Orc:2    | Killed a two-headed ogre
 10166 | Orc:2    | Reached XP level 12. HP: 67/95 MP: 10/17
 10263 | Orc:2    | Killed a two-headed ogre
 10264 | Orc:2    | Reached skill level 13 in Maces & Flails
 10272 | Orc:2    | Killed a two-headed ogre
 10288 | Orc:2    | Killed an ogre mage
 10296 | Orc:2    | Killed a two-headed ogre
 10301 | Orc:2    | Killed an ogre mage
 10556 | Orc:2    | Killed a two-headed ogre
 10565 | Orc:2    | Learned a level 2 spell: Blink
 10726 | Orc:2    | Reached skill level 10 in Fighting
 10897 | Orc:2    | Noticed Nessos
 10898 | Orc:2    | Found a shimmering blue altar of Sif Muna.
 10914 | Orc:2    | Nessos changed into Nessos the fire crab
 10914 | Orc:2    | Noticed Nessos
 10920 | Orc:2    | Killed Nessos the fire crab
 11137 | Orc:2    | Killed a two-headed ogre
 11213 | Orc:2    | Found a staircase to the Elven Halls.
 11222 | Orc:2    | Reached skill level 14 in Maces & Flails
 11320 | Orc:2    | Found Oryceipn's Assorted Antiques.
 11321 | Orc:2    | Found Beuxib's Jewellery Shoppe.
 11400 | Orc:2    | Bought a glowing cloak for 217 gold pieces
 11780 | Orc:1    | Found Xehure's Antique Armour Emporium.
 11901 | Lair:1   | Entered Level 1 of the Lair of Beasts
 12091 | Lair:1   | Reached XP level 13. HP: 104/104 MP: 17/19
 12963 | Lair:2   | Found a staircase to the Swamp.
 13480 | Lair:2   | Reached skill level 15 in Maces & Flails
 13759 | Lair:2   | Found a staircase to the Snake Pit.
 14031 | Lair:3   | Found a dark tunnel.
 14040 | Volcano  | Entered a volcano
 14108 | Volcano  | Reached ****** piety under Makhleb
 14220 | Volcano  | Found a radiant altar of Vehumet.
 14233 | Volcano  | Gained mutation: You occasionally lose the ability to drink
                  | potions when taking damage. [a neqoxec]
 14476 | Volcano  | Reached XP level 14. HP: 116/116 MP: 15/21
 15243 | Lair:3   | Found the +8 whip "Snakebite" {venom, curare, rPois}
 15575 | Lair:4   | Noticed Rupert
 15877 | Lair:4   | Killed Rupert
 15879 | Lair:4   | Lost mutation: You occasionally lose the ability to drink
                  | potions when taking damage. [potion of mutation]
 15879 | Lair:4   | Gained mutation: You occasionally lose the ability to drink
                  | potions when taking damage. [potion of mutation]
 15881 | Lair:4   | Lost mutation: You occasionally lose the ability to drink
                  | potions when taking damage. [potion of mutation]
 15881 | Lair:4   | Gained mutation: You are agile. (Dex +4, Str/Int -1)
                  | [potion of mutation]
 15881 | Lair:4   | Lost mutation: You are agile. (Dex +4, Str/Int -1) [potion
                  | of mutation]
 15881 | Lair:4   | Gained mutation: Your magical capacity is low. (-10% MP)
                  | [potion of mutation]
 15985 | Lair:4   | Reached skill level 16 in Maces & Flails
 16192 | Lair:4   | Lost mutation: Your magical capacity is low. (-10% MP)
                  | [potion of mutation]
 16192 | Lair:4   | Gained mutation: You are somewhat resistant to further
                  | mutation. [potion of mutation]
 16267 | Lair:4   | Identified the +9 morningstar "Enohih" {venom, *Corrode
                  | rElec rPois SInv}
 16844 | Lair:5   | Entered Level 5 of the Lair of Beasts
 16946 | Lair:5   | Found a staircase to the Slime Pits.
 16947 | Lair:5   | Found a viscous altar of Jiyva.
 17623 | Lair:5   | Identified the +0 chain mail of the Cooper {-Tele Rampage
                  | Str+2}
 18320 | Elf:1    | Entered Level 1 of the Elven Halls
 18452 | Elf:1    | Found a magical portal.
 18455 | WizLab   | Entered Borgnjor's Mausoleum
 18533 | WizLab   | Reached XP level 15. HP: 126/127 MP: 19/22
 18545 | WizLab   | Noticed a revenant
 18567 | WizLab   | Killed a revenant
 18597 | WizLab   | Reached skill level 15 in Fighting
 18606 | WizLab   | Reached skill level 10 in Armour
 18766 | WizLab   | Noticed a revenant
 18776 | WizLab   | Noticed an ancient champion
 18789 | WizLab   | Killed an ancient champion
 18809 | WizLab   | Killed a revenant
 18813 | WizLab   | Noticed a revenant
 18845 | WizLab   | Killed a revenant
 18851 | WizLab   | Reached skill level 10 in Invocations
 18864 | WizLab   | Reached skill level 17 in Maces & Flails
 19906 | WizLab   | Noticed a revenant
 20039 | Elf:1    | HP: 4/104 [deep elf knight/shard of ice (23)]
 20418 | Elf:1    | Paralysed by an air elemental for 1 turns
 20424 | Elf:1    | Paralysed by an air elemental for 1 turns
 20787 | Elf:1    | Paralysed by an air elemental for 1 turns
 21436 | Orc:1    | Bought a faintly humming plate armour for 812 gold pieces
 21436 | Orc:1    | Identified the +1 plate armour "Xinosmorgh" {Harm rF+} (You
                  | bought it in a shop on level 1 of the Orcish Mines)
 21758 | D:11     | You fall into a shaft and drop 2 floors!
 21763 | D:12     | Found a runed translucent gate.
 21763 | D:12     | Found a runed translucent gate.
 21763 | D:12     | Found a runed translucent gate.
 22074 | D:12     | Noticed Curhucvol's ghost (journeyman OpSh)
 22074 | D:12     | Noticed Zirot's ghost (journeyman GrFi)
 22074 | D:12     | Noticed Marethyu's ghost (journeyman TrMo)
 22107 | D:12     | Identified a scroll of acquirement
 22108 | D:12     | Acquired a manual of Armour
 22629 | D:12     | Found Huppaud's General Store.
 22637 | D:12     | Bought a scroll of vulnerability for 44 gold pieces
 22637 | D:12     | Bought a scroll of teleportation for 33 gold pieces
 22637 | D:12     | Bought a wand of roots (5) for 132 gold pieces
 22852 | D:11     | Found Komass's Book Emporium.
 23347 | D:13     | Found Ymaffi's Book Shop.
 24144 | D:13     | Gained mutation: You are completely covered in molten
                  | scales. (AC +4, rF+) [demonic ancestry]
 24144 | D:13     | Reached XP level 16. HP: 136/138 MP: 21/24
 24372 | D:13     | Identified the +3 chain mail of Misanthropy {rF+ Str+3
                  | Dex+3}
 24374 | D:13     | Reached skill level 18 in Maces & Flails
 24871 | D:13     | Found a hazy altar of Hepliaklqana.
 25376 | D:15     | Entered Level 15 of the Dungeon
 25376 | D:15     | Found a staircase to the Depths.
 25649 | D:15     | Got the Tractate on Direction
 25663 | D:15     | Noticed Kirke
 25672 | D:15     | Killed Kirke
 25833 | D:15     | Noticed Josephine
 25854 | D:15     | Killed Josephine
 26709 | Elf:1    | Reached skill level 19 in Maces & Flails
 27626 | Elf:1    | HP: 7/141 [angel/+2 whip of holy wrath (2)]
 27647 | Elf:2    | HP: 7/141 [+3 dire flail of holy wrath (5)]
 27647 | Elf:2    | Demolished by a +3 dire flail of holy wrath

Illustrated notes

Levels and vault maps discovered:
D:1:      minmay_arrival_jagged, layout_loops_corners, minmay_misc_feat_x,
          minmay_gold_behind_fungi
D:2:      layout_basic, dreamdust_ecumenical_altar_sealed_demon, nrook_campfire,
          grunt_decor_fettered
D:3:      layout_basic, mainiacjoe_overflow_brackets, minmay_curled_crystal,
          kennysheep_another_room, minmay_between
D:4:      layout_rooms, gup_sewer_entry_bowl, uniq_grinder
D:5:      layout_loops_cross, okawaru_gym_becter, chei_slow_surprise,
          minmay_temple_entry_glassed_door, minmay_statues_item
D:6:      hangedman_cross_stitches, layout_loops_corners, ebering_ghost_sewer_f
D:7:      layout_cave_pools, lemuel_tele_altar,
          mainiacjoe_overflow_concentric_impassable, vehumet_crystals,
          kennysheep_mini_moat, kiku_gazebo_pond_becter, serial_shops, shop,
          uniq_pikel, uniq_maggie, uniq_crazy_yiuf_cottage, uniq_joseph
D:8:      layout_basic, nicolae_ru_awakened_eye, hellmonk_lair_entry_icy,
          serial_shops, shop_fountains
D:9:      layout_stronghold, nicolae_overflow_crystal_walls, minitemple,
          minmay_orc_entry_guard_dogs
D:10:     layout_stronghold, amcnicky_altar_gilded, evilmike_ruin_ashenzari,
          serial_shops, nicolae_take_the_stairs, hangedman_ranch
D:11:     layout_roguey, serial_shops, shop
D:12:     layout_irregular_city, gammafunk_ghost_cemetery, serial_shops, shop
D:13:     nzn_winding_woodlands_stair_cross [nzn_winding_woodlands_5x15_parted,
          nzn_winding_woodlands_center_garden,
          nzn_winding_woodlands_5x15_pathside_ponds,
          nzn_winding_woodlands_hourglass,
          nzn_winding_woodlands_5x5_closed_star,
          nzn_winding_woodlands_5x15_crooked,
          nzn_winding_woodlands_center_triple_pond,
          nzn_winding_woodlands_5x15_split_checker], layout_basic, serial_shops,
          kennysheep_mini, minivault_23, nicolae_hepliaklqana_monster_ancestors
D:14:     layout_basic, david_vaults_1
D:15:     grunt_enter_depths_giant_problem, layout_rooms, uniq_kirke,
          uniq_josephine
Lair:1:   layout_chaotic_city, chequers_serial_rivers_room_b,
          beast_lair_carwin_4, grunt_megastairs_1
Lair:2:   layout_misc_corridors, minmay_swamp_entry_reptiles,
          nicolae_snake_entry_warm_welcome, grunt_megastairs_5
Lair:3:   minmay_guarded_unrand_snakebite, layout_regular_city,
          nicolae_volcano_entry_s_turn, serial_bayou_shore_b,
          serial_bayou_shore_b
Lair:4:   layout_layer_cave, pdpol_lair_neglected_garden, uniq_rupert
Lair:5:   minmay_lair_end_enchanted_forest, layout_hall_layers,
          nicolae_slime_entry_field_trip
Orc:1:    layout_caves, serial_shops, shop
Orc:2:    st_orc_open, layout_caves, led_sif_book, uniq_nessos
Elf:1:    elf_arrival_001, layout_geoelf_octagon,
          portal_desolation_entry_holy_temple, mu_enter_wizlab_7,
          minmay_elf_sorcery
Elf:2:    elven_hall_of_blades_hangedman_original
          [infiniplex_blade_entry_pillars], layout_rooms, lemuel_upstairs_altar

Skill      XL: |  1  2  3  4  5  6  7  8  9 10 11 12 13 14 15 16 |
---------------+-------------------------------------------------+-----
Maces & Flails | 3 4 5 7 8 9 11 12 14 15 16 17 19 | 19.1
Dodging        | 3 4 |  4.6
Armour         | 1 2 3 5 6 7 8 9 10 11 | 11.8
Fighting       | 3 4 5 7 9 10 12 14 16 17 | 17.2
Invocations    | 4 6 7 8 9 11 | 11.3
Throwing       | 2 3 |  3.1

Action                     |  1- 3 |  4- 6 |  7- 9 | 10-12 | 13-15 | 16-18 || total
---------------------------+-------+-------+-------+-------+-------+-------++-------
  Melee: Flail             |   190 |   219 |    97 |       |       |       ||   506
         Punch             |     3 |     3 |     6 |    12 |       |       ||    24
         Mace              |       |       |   147 |   464 |       |       ||   611
         Tailslap          |       |       |    20 |   100 |   265 |    57 ||   442
         Dire flail        |       |       |       |    67 |  1198 |       ||  1265
         Great mace        |       |       |       |       |   149 |   271 ||   420
  Throw: Javelin           |       |     3 |     2 |     3 |       |       ||     8
         Throwing net      |       |     1 |     3 |     3 |     2 |       ||     9
         Dart              |       |       |       |    19 |    10 |       ||    29
 Invoke: Minor Destruction |       |       |    32 |    12 |     2 |     3 ||    49
         Lesser Servant of |       |       |     3 |     6 |     9 |       ||    18
         Major Destruction |       |       |       |       |     8 |     1 ||     9
         Greater Servant o |       |       |       |       |     1 |       ||     1
  Evoke: Wand              |       |       |       |    27 |    19 |     9 ||    55
    Use: Scroll            |     2 |     1 |     1 |     5 |    25 |     7 ||    41
         Potion            |       |       |     2 |     7 |    14 |       ||    23
   Stab: Sleeping          |     1 |     1 |       |       |     6 |       ||     8
         Held in net/web   |       |       |     2 |     1 |     1 |       ||     4
         Paralysed         |       |       |       |    12 |       |       ||    12
         Invisible         |       |       |       |     6 |       |       ||     6
         Distracted        |       |       |       |       |     1 |       ||     1
 Armour: Leather armour    |   135 |   141 |     2 |       |       |       ||   278
         Ring mail         |       |       |   186 |   343 |   896 |   300 ||  1725
  Dodge: Dodged            |   136 |   152 |   201 |   509 |  1036 |   330 ||  2364
